 Dungeon Crawl Stone Soup version 0.21.1-1-g345015fe64 (webtiles) character file.

164 Peloso the Shield-Bearer (level 5, -7/46 HPs)
             Began as a Minotaur Fighter on July 29, 2018.
             Mangled by an ogre
             ... wielding a +0 giant spiked club
              (24 damage)
             ... on level 4 of the Dungeon.
             The game lasted 00:04:25 (1983 turns).

Peloso the Shield-Bearer (Minotaur Fighter)         Turns: 1983, Time: 00:04:26

Health: -7/46      AC: 10    Str: 20    XL:     5   Next: 21%
Magic:  4/4        EV:  6    Int:  5    God:
Gold:   149        SH:  9    Dex: 11    Spells: 4/4 levels left

rFire    . . .     SeeInvis .   a - +0 long sword
rCold    . . .     Gourm    .   c - +0 shield
rNeg     . . .     Faith    .   b - +0 chain mail
rPois    .         Spirit   .   (helmet restricted)
rElec    .         Reflect  .   i - +0 cloak
rCorr    .         Harm     .   (no gloves)
MR       .....                  (no boots)
Stlth    ..........             (no amulet)
HPRegen  0.15/turn              (no ring)
MPRegen  0.09/turn              (no ring)

@: no status effects
A: retaliatory headbutt, horns 2
a: no special abilities


You were on level 4 of the Dungeon.
You were hungry.

You visited 1 branch of the dungeon, and saw 4 of its levels.

You collected 149 gold pieces.

Inventory:

Hand Weapons
 a - a +0 long sword (weapon)
Armour
 b - a +0 chain mail (worn)
 c - a +0 shield (worn)
 i - a +0 cloak (worn)
Jewellery
 q - an uncursed ring of poison resistance {unknown}
Wands
 p - a wand of polymorph (15)
Scrolls
 g - 2 scrolls of blinking {unknown}
 h - a scroll of immolation {unknown}
 j - 2 scrolls of fog {unknown}
 k - a scroll of teleportation {unknown}
 m - a scroll of identify {unknown}
Potions
 d - a potion of might
 e - a potion of agility {unknown}
 l - 2 potions of curing {unknown}
 n - a potion of berserk rage {unknown}
 o - a potion of heal wounds {unknown}
Comestibles
 f - 9 rations


   Skills:
 + Level 4.2 Fighting
 + Level 4.0 Long Blades
 + Level 4.5 Armour
 + Level 1.7 Dodging
 + Level 4.8 Shields


You had 4 spell levels left.
You didn't know any spells.

Dungeon Overview and Level Annotations

Branches:
Dungeon (4/15)
 Temple: D:4-7

Altars:

Annotations:
D:3 RobertB's ghost, amateur OpAr


Innate Abilities, Weirdness & Mutations

You reflexively headbutt those who attack you in melee.
You have a pair of horns on your head.


Message History

You see here a slimy platinum amulet.
An ogre comes into view. It is wielding a giant spiked club.
The ogre shouts!
Your chain mail prevents you from hitting the hound skeleton.
Your headbutt misses the hound skeleton.
The hound skeleton barely misses you. x2
You slash the hound skeleton!
The hound skeleton is heavily damaged.
The hound skeleton barely misses you.
You riposte.
Your shield and chain mail prevent you from hitting the hound skeleton.
The hound skeleton is heavily damaged.
The hound skeleton bites you but does no damage.
You slash the hound skeleton!
You destroy the hound skeleton!
You block the ogre's attack.
Found a scroll labeled TOGEICW CECEUSM.
An orc comes into view.
The ogre hits you with a giant spiked club!!
Ouch! That really hurt!
You die...

..........."..#..†... ##.
#####..o....##P.....## .
.....# ###...###...P....#
#.#..#.# #...###......#.#
.##.#..#.# #...##...♣≈♣.#.#
.......#.# #...#♣..≈≈≈≈...#
.........#####...#..≈♣≈≈≈P...
.............O......≈≈≈♣≈P..#
#.........@......≈♣≈≈≈≈....
##.##.#..........♣≈≈≈♣..#.. #
#.##.######...#..♣≈≈..P.
#.##.##.# #...#P..P.♣P##
#.......# #.#.##....P##
####.#### #...##..PP##
##.##### ##...##PP###
.######......# #........#
.............# #.#.##..##


You could see an ogre.

Vanquished Creatures
  3 worker ants (D:4)
  A hound skeleton (D:4)
  An ooze (D:2)
  An adder zombie (D:4)
  2 worms
  6 leopard geckos
  8 bats
  3 giant cockroaches
  8 goblins
  3 hobgoblins
  5 jackals
  5 quokkas
  5 frilled lizards
  5 kobolds
  7 rats
63 creatures vanquished.

Notes
Turn   | Place    | Note
-------+----------+-------------------------------------------
     0 | D:1      | Peloso the Minotaur Fighter began the quest for the Orb.
     0 | D:1      | Reached XP level 1. HP: 19/19 MP: 0/0
    69 | D:1      | Reached XP level 2. HP: 23/27 MP: 1/1
   535 | D:1      | Reached XP level 3. HP: 32/33 MP: 2/2
   886 | D:2      | Found a faded altar of an unknown god.
  1046 | D:2      | Reached skill level 1 in Dodging
  1675 | D:3      | Reached XP level 4. HP: 38/40 MP: 3/3
  1772 | D:3      | Noticed RobertB's ghost (amateur OpAr)
  1947 | D:4      | Reached XP level 5. HP: 19/46 MP: 4/4
  1970 | D:4      | Noticed an ogre
  1983 | D:4      | Mangled by an ogre

Skill      XL: |  1  2  3  4 |
---------------+-------------+-----
Armour         | 4 |  4.5
Fighting       | 4 |  4.2
Shields        | 4 |  4.8
Long Blades    | 3 4 |  4.0
Dodging        | 1 |  1.7

Action                   |  1- 3 |  4- 6 || total
-------------------------+-------+-------++-------
Melee: Long sword        |   104 |    46 ||   150
       Headbutt          |    15 |     8 ||    23
  Eat: Chunk             |     3 |       ||     3
Armor: Scale mail        |    56 |       ||    56
       Chain mail        |     4 |    30 ||    34
Dodge: Dodged            |    41 |    12 ||    53
Block: Shield            |    70 |    24 ||    94
       Rpst.: Long sword |    12 |     4 ||    16
